 Dungeon Crawl Stone Soup version 0.28-a0-1227-ga9037bb4c8 (webtiles) character file.

Game seed: 627814449787404759

2380 flotson the Skirmisher (level 9, 0/68 HPs)
             Began as a Demonspawn Gladiator on Dec 23, 2021.
             Was an Initiate of Gozag.
             Slain by a yak (7 damage)
             ... on level 8 of the Dungeon.
             The game lasted 00:15:17 (8072 turns).

flotson the Skirmisher (Demonspawn Gladiator)       Turns: 8072, Time: 00:15:19

Health: 0/68       AC:  9    Str: 25    XL:     9   Next: 22%
Magic:  0/9        EV:  9    Int:  9    God:    Gozag
Gold:   432        SH: 14    Dex: 15    Spells: 8/8 levels left

rFire   + . .      SeeInvis .   b - +2 war axe (freeze)
rCold   + + +      Faith    .   u - +1 tower shield
rNeg    . . .      Spirit   +   D - +2 leather armour {rC+}
rPois   +          Reflect  .   c - +0 helmet
rElec   +          Harm     .   o - scarf {shadows}
rCorr   +          Rampage  .   (no gloves)
Will    .....                   (no boots)
Stlth   +.........              F - amulet of guardian spirit
HPRegen 0.21/turn               a - +6 ring of strength
MPRegen 0.11/turn               m - ring of protection from cold

@: mighty, resistant, gold aura, hasted, very quick
A: yellow scales 2, demonic touch 2
a: Renounce Religion, Potion Petition, Call Merchant, Bribe Branch


You were on level 8 of the Dungeon.
You worshipped Gozag.
Gozag was aware of your devotion.
You visited 2 branches of the dungeon, and saw 9 of its levels.

You collected 649 gold pieces.
You spent 139 gold pieces at shops.
You paid 78 gold pieces to Gozag.

Inventory:

Hand Weapons
 b - a +2 war axe of freezing (weapon)
 y - a +3 whip of flaming
Missiles
 d - a throwing net
 g - 5 javelins
 v - 29 poisoned darts (quivered)
Armour
 c - a +0 helmet (worn)
 o - a scarf of shadows (worn)
 u - a +1 tower shield (worn)
 D - a +2 leather armour of cold resistance (worn)
Jewellery
 a - a +6 ring of strength (left hand)
 l - a ring of willpower
 m - a ring of protection from cold (right hand)
 z - a +6 ring of dexterity
 E - an amulet of magic regeneration
 F - an amulet of guardian spirit (around neck)
Wands
 s - a wand of iceblast (5)
Scrolls
 e - 2 scrolls of fog
 i - a scroll of amnesia
 k - a scroll of immolation
 p - a scroll of enchant weapon
 r - a scroll of acquirement
Potions
 f - 2 potions of might
 j - a potion of invisibility {unknown}
 n - a potion of heal wounds
 w - 2 potions of mutation
 x - a potion of attraction {unknown}
 A - a potion of lignification


   Skills:
 + Level 5.2 Fighting
 + Level 4.4 Maces & Flails
 + Level 4.8 Throwing
 + Level 4.3 Armour
 + Level 5.1 Dodging
 + Level 3.9 Shields
 + Level 4.2 Evocations


You had 8 spell levels left.
You didn't know any spells.
Your spell library contained the following spells:

 Spells                   Type           Power      Damage    Failure   Level
 Corpse Rot               Necr/Air       0%         N/A       100%        2
 Gell's Gravitas          Tloc           0%         N/A       100%        3
 Lesser Beckoning         Tloc           0%         N/A       100%        3
 Teleport Other           Tloc           0%         N/A       100%        3
 Dispel Undead            Necr           0%         3d6       100%        4
 Death Channel            Necr           0%         N/A       100%        6


Dungeon Overview and Level Annotations

Branches:
Dungeon (8/15)             Temple (1/1) D:5            Lair (0/6) D:8

Altars:
Ashenzari
Cheibriados
Elyvilon
Fedhas
Gozag
Kikubaaqudgha
Makhleb
Nemelex Xobeh
Okawaru
Qazlal
Ru
Sif Muna
Trog
Vehumet
Wu Jian
Xom
Yredelemnul
Zin
The Shining One

Shops:
D:4 [   D:5 [?*?

Annotations:
D:4 3 runed translucent doors, HuGe's ghost, amateur MiBe; flotson's ghost, amateur DsGl; oldriver's ghost, amateur KoHu; oldriver's ghost, weakling DjAE; siradein's ghost, amateur DsSu


Innate Abilities, Weirdness & Mutations

You are mostly covered in yellow scales. (AC +3)
Your touch may inflict irresistible damage on your foes.


Message History

The wight hits you with a +2 war axe of freezing.
You hit the wight.
Flame seeps out of the wight.
You burn the wight.
Flame seeps out of the wight.
The wight is lightly damaged.
You block the yak's attack. x2; You block the centaur's attack.
The centaur misses you. The wight hits you but does no damage.
You closely miss the wight.
The wight is lightly damaged.
The wight is engulfed in blazing flames.
Flame seeps out of the wight.
You block the wight's attack.
You block the centaur's attack. x2; The yak gores you.
The yak gores you but does no damage.
You hit the wight. You burn the wight.
The wight explodes!
The fiery explosion engulfs you!! You resist.
* * * LOW HITPOINT WARNING * * *
The fiery explosion engulfs the centaur!!
You kill the centaur!
You are engulfed in blazing flames.
You resist.
* * * LOW HITPOINT WARNING * * *
You block the wight's attack. You block the yak's attack.
The yak barely misses you.
Your life force feels restored.
You are engulfed in blazing flames.
You resist.
* * * LOW HITPOINT WARNING * * *
You block the wight's attack.
Things that are here:
5 gold pieces; a +2 war axe of freezing; a +0 robe Your +3 whip of flaming stops flaming.
Your +2 war axe of freezing glows with a cold blue light!
b - a +2 war axe of freezing (weapon)
The jelly is engulfed in blazing flames.
Flame seeps out of the jelly.
You block the jelly's attack.
You completely miss the jelly.
The jelly is heavily wounded.
You closely miss the yak. You block the wight's attack.
The yak is engulfed in blazing flames.
Flame seeps out of the yak.
The yak gores you!
You die...
Your body crumbles into a pile of gold.

*,*,**,* *,** **,,,,,,,,* *
*,*,**,* **,** **,,**,*,*,***
*,*,**,* **,**#,*,**,,,,,,,,
*,,,,*,******,#.**,**,,,,,,,,
*,,,,,,,,,,,,,.#**,,,,,,,****
**,,,*,*******Y# *****,***
**,**,* *Y# *,* *,**,* ###.#
*,* *,**,* #@YY# *,*
*,**.#####J######***,*
*,**.....z5z.....,,,$*
*,**###.##z######**********
*,* #,*#.# ***,,,,
*,*****,*#.#### *,,,***
*,,,,,,,*#....# *,***,©
*********#.##.# *,*,,,,
#.##.# **,*,,,*


You could see 2 yaks, a jelly (inner flame), 3 wights and a white imp.

Vanquished Creatures
  Pikel (D:6)
  A gargoyle (D:7)
  An ice beast (D:5)
  An ogre (D:5)
  2 centaurs
  A necrophage (D:5)
  3 phantoms
  2 bullfrogs
  2 scorpions
  A water moccasin zombie (D:6)
  A wight (D:8)
  A howler monkey (D:5)
  A gnoll shaman (D:5)
  A centaur zombie (D:5)
  A bullfrog skeleton (D:6)
  2 orc priests (D:6)
  A centaur skeleton (D:7)
  6 orc wizards
  2 hound skeletons (D:5)
  5 gnolls (D:5)
  7 adders
  A shadow imp (D:6)
  A white imp (D:7)
  An ufetubus (D:4)
  A dart slug (D:2)
  11 orcs
  4 ball pythons
  2 bats (D:1)
  8 endoplasms
  6 giant cockroaches
  6 goblins
  6 hobgoblins
  3 jackals (D:1)
  7 kobolds
  7 quokkas
  2 frilled lizards
  7 rats
116 creatures vanquished.

Vanquished Creatures (others)
  An orc wizard (D:6)
  6 plants (D:2)
7 creatures vanquished.

Grand Total: 123 creatures vanquished

Notes
Turn   | Place    | Note
-------+----------+-------------------------------------------
     0 | D:1      | flotson the Demonspawn Gladiator began the quest for the
                  | Orb.
     0 | D:1      | Reached XP level 1. HP: 16/16 MP: 1/1
   233 | D:1      | Gained mutation: You are partially covered in yellow
                  | scales. (AC +2) [demonic ancestry]
   233 | D:1      | Reached XP level 2. HP: 22/22 MP: 2/2
   478 | D:1      | Reached skill level 1 in Armour
   643 | D:1      | Gained mutation: You are mostly covered in yellow scales.
                  | (AC +3) [demonic ancestry]
   643 | D:1      | Reached XP level 3. HP: 28/28 MP: 3/3
  1834 | D:3      | Gained mutation: Your touch may inflict minor irresistible
                  | damage on your foes. [demonic ancestry]
  1834 | D:3      | Reached XP level 4. HP: 34/34 MP: 4/4
  2779 | D:3      | Found a sparkling altar of Nemelex Xobeh.
  2941 | D:4      | Found Xiamus's Armour Emporium.
  2945 | D:4      | Found a runed translucent gate.
  2946 | D:4      | Found a runed translucent gate.
  3492 | D:4      | Found a runed translucent gate.
  3511 | D:4      | Noticed oldriver's ghost (amateur KoHu)
  3511 | D:4      | Noticed HuGe's ghost (amateur MiBe)
  3511 | D:4      | Noticed flotson's ghost (amateur DsGl)
  3511 | D:4      | Noticed oldriver's ghost (weakling DjAE)
  3511 | D:4      | Noticed siradein's ghost (amateur DsSu)
  3715 | D:4      | Reached XP level 5. HP: 40/41 MP: 5/5
  3758 | D:4      | Reached skill level 1 in Shields
  3761 | D:4      | Reached skill level 1 in Evocations
  4112 | D:5      | Entered Level 5 of the Dungeon
  4113 | D:5      | Found Neptos's Assorted Antiques.
  4128 | D:5      | Found a staircase to the Ecumenical Temple.
  4141 | Temple   | Entered the Ecumenical Temple
  4352 | Temple   | Became a worshipper of Gozag Ym Sagoz the Greedy
  4415 | D:5      | Noticed an ice beast
  4435 | D:5      | Killed an ice beast
  4436 | D:5      | Reached XP level 6. HP: 36/47 MP: 6/6
  4688 | D:5      | HP: 1/47 [hound skeleton (2)]
  4994 | D:5      | Found Suucufep's Magic Scroll Shoppe.
  5001 | D:5      | Bought a scroll of identify for 22 gold pieces
  5001 | D:5      | Bought a scroll of teleportation for 33 gold pieces
  5171 | D:5      | Found Itorr's Armour Shoppe.
  5303 | D:5      | Gained mutation: Your touch may inflict irresistible damage
                  | on your foes. [demonic ancestry]
  5303 | D:5      | Reached XP level 7. HP: 20/52 MP: 7/7
  5719 | D:5      | Found Ceco's Magic Scroll Shoppe.
  5726 | D:5      | Bought a scroll of identify for 28 gold pieces
  5726 | D:5      | Bought a scroll of identify for 28 gold pieces
  5726 | D:5      | Bought a scroll of identify for 28 gold pieces
  6625 | D:6      | Reached XP level 8. HP: 60/60 MP: 8/8
  7019 | D:6      | Found an iron altar of Okawaru.
  7181 | D:6      | Noticed Pikel
  7214 | D:6      | Killed Pikel
  7461 | D:6      | Found an ancient bone altar of Kikubaaqudgha.
  7940 | D:7      | Noticed a gargoyle
  7943 | D:7      | Killed a gargoyle
  7944 | D:7      | Reached skill level 5 in Fighting
  7944 | D:7      | Reached skill level 5 in Dodging
  7944 | D:7      | Reached XP level 9. HP: 68/68 MP: 9/9
  8013 | D:7      | You fall into a shaft and drop 1 floor!
  8063 | D:8      | Identified a scroll of acquirement
  8072 | D:8      | Slain by a yak

Illustrated notes

Levels and vault maps discovered:
D:1:      erik_arrival_cave_to_civilisation [erik_arrival_cave_to_hall],
          layout_basic, nrook_loot_triangle
D:2:      wad_lake_hut, layout_loops_ring, grunt_ministairs_8, st_stairs_12,
          corexii_item_surrounded_by_moat, minmay_circle_x
D:3:      layout_basic, nemelex_spade_bored_becter
D:4:      layout_rooms, serial_corexii_hall, chequers_hall_statues_wall_a,
          chequers_hall_statues_wall_a, gammafunk_ghost_cemetery, serial_shops,
          shop
D:5:      layout_loops_ring, minmay_temple_entry_drinking_statues, serial_shops,
          nicolae_shop_statue_plus, kennysheep_little_box, shop, shop,
          mumra_transporter_accident
D:6:      layout_basic, mainiacjoe_overflow_two_lobes, uniq_pikel
D:7:      layout_cave_pools
D:8:      layout_loops_ring, lair_entry_dummy, enter_bailey_8,
          gammafunk_ghost_stat_death, serial_shops, nicolae_stop_n_shop_2,
          minmay_gold_behind_fungi, kennysheep_big_empty_room,
          nicolae_grassy_gnolls
Temple:   eino_temple_rhombus

Skill      XL: |  1  2  3  4  5  6  7  8 |
---------------+-------------------------+-----
Throwing       | 2 3 4 |  4.8
Armour         | 1 2 3 4 |  4.3
Dodging        | 3 4 5 |  5.1
Fighting       | 3 4 5 |  5.2
Shields        | 1 2 3 |  3.9
Evocations     | 1 2 4 |  4.2
Maces & Flails | 3 4 |  4.4

Action                   |  1- 3 |  4- 6 |  7- 9 || total
-------------------------+-------+-------+-------++-------
Melee: Flail             |   106 |    54 |       ||   160
       Whip              |       |   149 |   182 ||   331
       Touch             |       |     1 |       ||     1
       War axe           |       |       |     1 ||     1
Throw: Dart              |       |    19 |    14 ||    33
       Throwing net      |       |     2 |       ||     2
       Javelin           |       |     1 |       ||     1
Evoke: Wand              |       |       |     3 ||     3
  Use: Scroll            |       |       |    15 ||    15
       Potion            |       |       |     5 ||     5
 Stab: Sleeping          |     1 |       |       ||     1
       Distracted        |       |       |     1 ||     1
Armor: Leather armour    |    38 |   103 |    88 ||   229
Dodge: Dodged            |    68 |    74 |    59 ||   201
Block: Tower shield      |       |   165 |   152 ||   317

Table legend: (Time is in decaauts)
 A = Elapsed time spent in this place.
 B = Non-inter-level travel time spent in this place.
 C = Inter-level travel time spent in this place.
 D = Time resting spent in this place.
 E = Time spent auto-exploring this place.
 F = Levels seen in this place.
 G = Mean time per level.
                   A        B        C        D        E       F      G
               +--------+--------+--------+--------+--------+-----+--------+
         Total |   8316 |   8021 |    295 |    400 |   6096 |   9 |  924.0 |
       Dungeon |   8095 |   7810 |    285 |    400 |   5912 |   8 | 1011.9 |
        Temple |    221 |    211 |     10 |      0 |    184 |   1 |  221.0 |
               +--------+--------+--------+--------+--------+-----+--------+

Top non-repeatable levels by time:
     D:6: 1731 daAuts
     D:5: 1549 daAuts
     D:4: 1327 daAuts
     D:2: 1213 daAuts
     D:1: 1153 daAuts
     D:3: 821 daAuts
     D:7: 240 daAuts
  Temple: 221 daAuts
     D:8: 57 daAuts
